 Dungeon Crawl Stone Soup version 0.29-a0-892-g2c4c91d9db (webtiles) character file.

Game seed: 9385559229161538302

4466 Destapler the Firebug (level 10, 0/81 HPs)
             Began as a Hill Orc Fire Elementalist on July 22, 2022.
             Was a Believer of Beogh.
             Succumbed to a black mamba's poison
             ... on level 8 of the Dungeon.
             The game lasted 01:00:32 (11336 turns).

Destapler the Firebug (Hill Orc Fire Elementalist) Turns: 11336, Time: 01:00:33

Health: 0/81       AC: 19    Str: 12    XL:     10   Next: 37%
Magic:  8/17       EV:  9    Int: 23    God:    Beogh [**....]
Gold:   538        SH:  0    Dex: 11    Spells: 16/19 levels left

rFire   + + .      SeeInvis +   a - staff of fire
rCold   x . .      Faith    .   (no shield)
rNeg    . . .      Spirit   .   u - +9 scale mail of the Iron City of Dis {Int+4}
rPois   .          Reflect  .   y - +0 helmet
rElec   .          Harm     .   (no cloak)
rCorr   .          Rampage  .   (no gloves)
Will    .....                   k - +1 pair of boots
Stlth   ..........              (no amulet)
HPRegen 0.23/turn               H - ring of see invisible
MPRegen 0.15/turn               q - ring of fire

@: lethally poisoned (0 -> -15)
A: no striking features
a: Renounce Religion, Smiting


You were on level 8 of the Dungeon.
You worshipped Beogh.
Beogh was pleased with you.
You visited 2 branches of the dungeon, and saw 10 of its levels.

You collected 538 gold pieces.

Inventory:

Hand Weapons
 b - a +5 flail of pain
 C - a +0 war axe of venom
 N - a +3 spear
Armour
 k - a +1 pair of boots (worn)
 u - the +9 scale mail of the Iron City of Dis (worn) {Int+4}
   (You found it on level 2 of the Dungeon)

   Int:       It affects your intelligence (+4).
 y - a +0 helmet (worn)
Magical Staves
 a - a staff of fire (weapon)
Jewellery
 f - a ring of resist corrosion
 j - a ring of poison resistance
 m - a ring of protection from fire
 q - a ring of fire (right hand)
 H - a ring of see invisible (left hand)
Wands
 r - a wand of charming (20)
 L - a wand of quicksilver (12)
Scrolls
 c - 4 scrolls of silence
 e - a scroll of torment
 h - 2 scrolls of enchant armour
 s - a scroll of brand weapon
 t - 3 scrolls of teleportation
 v - 3 scrolls of fog
 w - a scroll of poison
 x - a scroll of amnesia
 G - a scroll of vulnerability
 M - a scroll of acquirement
Potions
 g - a potion of magic
 i - 2 potions of ambrosia
 n - 2 potions of might
 p - a potion of mutation {unknown}
 z - a potion of resistance {unknown}
 B - a potion of brilliance {unknown}
 E - a potion of heal wounds
 F - a potion of attraction {unknown}
 K - a potion of berserk rage {unknown}


   Skills:
 + Level 5.0 Fighting
 + Level 5.0 Staves
 + Level 3.0 Armour
 + Level 2.1 Dodging
 + Level 2.0 Stealth
 + Level 0.2 Shields
 + Level 5.0 Spellcasting
 - Level 5.0 Conjurations
 + Level 3.1 Necromancy
 + Level 6.0 Fire Magic
 - Level 2.0 Ice Magic
 + Level 6.0 Invocations
 + Level 5.0 Evocations


You had 16 spell levels left.
You knew the following spells:

 Your Spells              Type           Power      Damage    Failure   Level
a - Foxfire               Conj/Fire      100%       2x1d9     4%          1
z - Scorch                Fire           100%       2d10      6%          2

Your spell library contained the following spells:

 Spells                   Type           Power      Damage    Failure   Level
 Conjure Flame            Conj/Fire      63%        6-21      14%         3
 Static Discharge         Conj/Air       17%        3-6/arc   26%         2
 Inner Flame              Hex/Fire       44%        N/A       38%         3
 Flame Wave               Conj/Fire      63%        2d12      43%         4
 Sticky Flame             Conj/Fire      63%        2d8       43%         4
 Ozocubu's Armour         Ice            14%        N/A       52%         3
 Hailstorm                Conj/Ice       21%        3d6       73%         4
 Dispel Undead            Necr           20%        3d11      78%         4
 Fireball                 Conj/Fire      31%        3d13      80%         5
 Ice Form                 Ice/Tmut       10%        N/A       97%         4
 Simulacrum               Ice/Necr       8%         N/A       100%        6
 Ozocubu's Refrigeration  Ice            7%         4d6       100%        7
 Ignition                 Fire           33%        3d10      100%        8


Dungeon Overview and Level Annotations

Branches:
Dungeon (9/15)             Temple (0/1) D:4            Lair (1/5) D:8
    Orc: D:9-12

Altars:
Ashenzari
Kikubaaqudgha
Makhleb
Nemelex Xobeh
Okawaru
Ru
Sif Muna
Trog
Uskayaw
Vehumet
Wu Jian
Zin

Shops:
D:5 [


Message History

The black mamba attacks as you move away!
The black mamba misses you.
The boulder beetle attacks as you move away!
The boulder beetle bites you.
You feel sick.
The boulder beetle curls into a ball and begins rolling!
You feel sick.
The boulder beetle is no longer more vulnerable to fire.
The black mamba bites you!
* * * LOW HITPOINT WARNING * * *
The black mamba attacks as you move away!
The black mamba bites you!
* * * LOW HITPOINT WARNING * * *
You are lethally poisoned!
The black mamba poisons you!
* * * LOW HITPOINT WARNING * * *
You feel very sick.
The black mamba is no longer more vulnerable to fire.
The black mamba bites you but does no damage.
The boulder beetle stops rolling and uncurls.
The black mamba attacks as you move away!
The black mamba bites you.
* * * LOW HITPOINT WARNING * * *
You are more poisoned.
The black mamba poisons you!
* * * LOW HITPOINT WARNING * * *
You feel extremely sick.
The black mamba bites you but does no damage.
There is a stone staircase leading down here.
You feel better. The black mamba closely misses you. The black mamba bites you.
* * * LOW HITPOINT WARNING * * *
You are lethally poisoned!
The black mamba poisons you!
You hit the black mamba but do no damage.
The black mamba is almost dead.
* * * LOW HITPOINT WARNING * * *
You feel very sick. The black mamba barely misses you.
You hit the black mamba but do no damage.
The black mamba is severely wounded.
You die...

#.........###'#########......
#.........#..........##......
#.........#....v.....##.....#
#.........#.....§....##....##
#.........#......§...##....#.
#.........#..........##....'.
#.........#..........##....#.
#####.........#########.#########
#.............BS@.......# #.
#.###.........########### #.
#.########...........# #. .....#
#.########..# ####### ...#.# #.#
###...#######....# ...#.# #.#
#....#...≈.h.#...# ...#.# #.#
#......#...#.....#
...#.#####.####.....##PP.##....#
...#..............#...hhPPB.#..#


You could see a boulder beetle and a black mamba.

Vanquished Creatures
  A gargoyle (D:9)
  Maggie (D:7)
  A hornet (D:7)
  Eustachio (D:5)
  3 steam dragons
  Edmund (D:5)
  3 water moccasins
  An orc warrior (D:5)
  A black bear (D:6)
  A sky beast (D:6)
  An ice beast (D:6)
  2 centaurs
  2 ogres
  4 wolves (D:8)
  A phantom (D:7)
  3 kobold brigands
  3 scorpions
  2 necrophages
  4 killer bees
  3 howler monkeys
  2 jellies
  5 hounds
  An orc priest (D:9)
  A gnoll bouda (D:7)
  5 iguanas
  6 orc wizards
  9 gnolls
  5 adders
  3 shadow imps
  2 ufetubi
  A worm (D:5)
  2 dart slugs
  18 orcs
  8 bats
  8 endoplasms
  5 giant cockroaches
  10 goblins
  7 hobgoblins
  12 kobolds
  5 quokkas
  7 ball pythons
  3 frilled lizards
  6 rats
170 creatures vanquished.

Vanquished Creatures (collateral kills)
  A foxfire (D:2)
1 creature vanquished.

Vanquished Creatures (others)
  An orc wizard (D:7)
  306 foxfires
  6 fungi (D:8)
  6 plants (D:8)
319 creatures vanquished.

Grand Total: 490 creatures vanquished

Notes
Turn   | Place    | Note
-------+----------+-------------------------------------------
     0 | D:1      | Destapler the Hill Orc Fire Elementalist began the quest
                  | for the Orb.
     0 | D:1      | Reached XP level 1. HP: 14/14 MP: 3/3
   121 | D:1      | Reached XP level 2. HP: 22/22 MP: 0/4
   520 | D:1      | Reached skill level 1 in Fighting
   656 | D:1      | Reached XP level 3. HP: 28/28 MP: 2/5
  1481 | D:2      | Identified the +9 scale mail of the Iron City of Dis
                  | {Int+4}
  1714 | D:2      | Found a faded altar of an unknown god.
  2021 | D:3      | Reached XP level 4. HP: 35/35 MP: 6/6
  2626 | D:3      | Found a bloodstained altar of Trog.
  2740 | D:3      | Reached skill level 1 in Armour
  2798 | D:4      | Reached XP level 5. HP: 33/41 MP: 8/8
  3226 | D:4      | Noticed an ogre
  3231 | D:4      | Killed an ogre
  3232 | D:4      | Reached skill level 1 in Necromancy
  3232 | D:4      | Reached skill level 1 in Ice Magic
  3335 | D:4      | Reached XP level 6. HP: 44/48 MP: 7/9
  3716 | D:5      | Entered Level 5 of the Dungeon
  3747 | D:5      | Found Tuttet's Armour Shop.
  3900 | D:5      | Found a shimmering blue altar of Sif Muna.
  3901 | D:5      | Found a broken altar of Ashenzari.
  3901 | D:5      | Found a radiant altar of Vehumet.
  3907 | D:5      | Found a hide-covered altar of Uskayaw.
  3907 | D:5      | Found a glowing silver altar of Zin.
  4174 | D:5      | Found an iron altar of Okawaru.
  4184 | D:5      | Reached XP level 7. HP: 53/56 MP: 9/11
  4787 | D:5      | Learned a level 2 spell: Scorch
  4940 | D:5      | Became a worshipper of Beogh the Brigand
  5368 | D:5      | Found the +7 staff of the Meek {protect, meekguard}
  5415 | D:6      | Identified a scroll of acquirement
  5415 | D:6      | Acquired Destapler's Octavo of the Arsonist
  5544 | D:4      | Found a staircase to the Ecumenical Temple.
  5610 | D:6      | Reached skill level 5 in Fire Magic
  5610 | D:6      | Noticed Eustachio
  5645 | D:6      | Reached skill level 1 in Evocations
  5645 | D:6      | Reached XP level 8. HP: 37/63 MP: 3/12
  5661 | D:5      | Reached skill level 1 in Staves
  5885 | D:6      | Noticed Edmund
  5894 | D:5      | Killed Edmund
  6287 | D:6      | Found a sacrificial altar of Ru.
  6613 | D:6      | Reached skill level 5 in Conjurations
  6613 | D:6      | Reached XP level 9. HP: 69/69 MP: 9/15
  6836 | D:5      | Killed Eustachio
  7289 | D:7      | Found a burning altar of Makhleb.
  7325 | D:7      | Noticed Maggie
  7335 | D:7      | Killed Maggie
  7462 | D:7      | Reached skill level 5 in Evocations
  7560 | D:7      | Reached * piety under Beogh
  7561 | D:7      | Reached skill level 1 in Invocations
  8473 | D:7      | Noticed a hornet
  8481 | D:7      | Killed a hornet
  8907 | D:8      | Found a sparkling altar of Nemelex Xobeh.
  9042 | D:8      | Reached XP level 10. HP: 80/80 MP: 1/17
  9159 | D:8      | Reached skill level 5 in Fighting
  9355 | D:8      | Found an ornate altar of the Wu Jian Council.
  9578 | D:8      | Found a staircase to the Lair.
  9677 | D:8      | Found an ancient bone altar of Kikubaaqudgha.
  9941 | Lair:1   | Entered Level 1 of the Lair of Beasts
  9941 | Lair:1   | Noticed a black mamba
  9953 | D:8      | Reached skill level 5 in Spellcasting
  9953 | D:8      | Reached skill level 5 in Invocations
 10275 | D:9      | Noticed a gargoyle
 10286 | D:9      | Killed a gargoyle
 10287 | D:9      | Reached skill level 5 in Staves
 10676 | D:8      | Reached ** piety under Beogh
 10857 | Lair:1   | Noticed a boulder beetle
 10858 | Lair:1   | Noticed a cane toad
 11333 | D:8      | HP: 3/81 [poisoned by a black mamba]
 11336 | D:8      | Succumbed to a black mamba's poison

Illustrated notes

Levels and vault maps discovered:
D:1:      wander_arrival_peaceful_grave, layout_rooms
D:2:      layout_basic, shapermc_ecumenical_altar_mp_urbaneastern,
          kennysheep_generic_room_15
D:3:      layout_loops_ring, trog_hazing_becter
D:4:      layout_basic, minmay_temple_entry_from_below_b, hangedman_decor_points
D:5:      layout_basic, grunt_temple_overflow_open,
          mainiacjoe_overflow_24_doors, serial_shops, shop,
          minmay_increasing_density
D:6:      layout_loops_ring, nicolae_ru_path_of_blood, uniq_edmund,
          uniq_eustachio
D:7:      minmay_inner_zag, layout_loops_ring, makhleb_heckhound_becter,
          uniq_maggie
D:8:      layout_basic, mainiacjoe_overflow_boulevard,
          nicolae_kikubaaqudgha_miasma_corner,
          nicolae_wu_jian_immortal_techniques, dpeg_oklobed_lair
D:9:      minmay_the_grid_triangle_9x9_rhombus_thin
          [minmay_the_grid_triangle_9x9_steps,
          minmay_the_grid_triangle_9x9_prize_center,
          minmay_the_grid_triangle_9x9_cache,
          minmay_the_grid_triangle_9x9_flanged_cone], layout_small_grid,
          mainiacjoe_overflow_alcove_1
Lair:1:   layout_chaotic_city, beast_lair_carwin_5

Skill      XL: |  1  2  3  4  5  6  7  8  9 10 |
---------------+-------------------------------+-----
Fighting       | 1 2 3 4 5 |  5.0
Spellcasting   | 2 3 4 5 |  5.0
Dodging        | 2 |  2.1
Stealth        | 2 |  2.0
Armour         | 1 2 3 |  3.0
Conjurations   | 2 3 5 |  5.0
Necromancy     | 1 2 3 |  3.1
Fire Magic     | 4 5 6 |  6.0
Ice Magic      | 1 2 |  2.0
Evocations     | 1 2 5 |  5.0
Staves         | 2 4 5 |  5.0
Invocations    | 4 6 |  6.0
Shields        | |  0.2

Action                   |  1- 3 |  4- 6 |  7- 9 | 10-12 || total
-------------------------+-------+-------+-------+-------++-------
Melee: Unarmed           |     3 |       |       |       ||     3
       Dagger            |    56 |   148 |     8 |       ||   212
       Punch             |       |     3 |       |       ||     3
       Staff             |       |       |   101 |    15 ||   116
 Cast: Foxfire           |    40 |    25 |    87 |    41 ||   193
       Scorch            |       |       |    86 |    35 ||   121
Invok: Convert to Beogh  |       |       |     1 |       ||     1
  Use: Scroll            |       |       |    12 |     7 ||    19
       Potion            |       |       |     1 |     4 ||     5
 Stab: Sleeping          |     1 |       |       |       ||     1
Armor: Robe              |     5 |       |       |       ||     5
       Scale mail        |    19 |   120 |   208 |    62 ||   409
Dodge: Dodged            |    36 |    66 |   130 |    41 ||   273

Table legend: (Time is in decaauts)
 A = Elapsed time spent in this place.
 B = Non-inter-level travel time spent in this place.
 C = Inter-level travel time spent in this place.
 D = Time resting spent in this place.
 E = Time spent auto-exploring this place.
 F = Levels seen in this place.
 G = Mean time per level.
                   A        B        C        D        E       F      G
               +--------+--------+--------+--------+--------+-----+--------+
         Total |  11358 |  10490 |    868 |   1783 |   6847 |  10 | 1135.8 |
       Dungeon |  11352 |  10485 |    867 |   1783 |   6847 |   9 | 1261.3 |
          Lair |      5 |      5 |      0 |      0 |      0 |   1 |    5.0 |
               +--------+--------+--------+--------+--------+-----+--------+

Top non-repeatable levels by time:
     D:5: 2248 daAuts
     D:8: 1818 daAuts
     D:7: 1775 daAuts
     D:6: 1194 daAuts
     D:2: 1123 daAuts
     D:4: 1079 daAuts
     D:3: 894 daAuts
     D:1: 738 daAuts
     D:9: 480 daAuts
  Lair:1: 5 daAuts
